 Dungeon Crawl Stone Soup version 0.30.1-4-g462c640d31 (webtiles) character file.

Game seed: 12028828126353022035

758 CarvArkoylaein the Magician (level 7, -8/56 HPs)
             Began as a Purple Draconian Wanderer on Sept 8, 2023.
             Killed by divine providence
             ... invoked by an orc priest
              (13 damage)
             ... on level 5 of the Dungeon.
             The game lasted 00:31:04 (3433 turns).

CarvArkoylaein the Magician (DrWn)                  Turns: 3433, Time: 00:31:05

Health: -8/56      AC: 18    Str: 13    XL:     7   Next: 50%
Magic:  12/13      EV: 18    Int: 13    God:
Gold:   192        SH:  0    Dex: 13    Spells: 11/15 levels left

rFire   . . .        a - +1 dagger (protect)
rCold   + + .        (no shield)
rNeg    . . .        (body armour unavailable)
rPois   +            (helmet restricted)
rElec   .            b - +0 cloak
rCorr   .            c - +2 pair of gloves of Catatonia {rPois Stlth+}
SInv    .            k - +0 pair of boots
Will    +....        (no amulet)
Stlth   +++          h - +5 ring of evasion
HPRegen 0.29/turn    g - ring of wizardry
MPRegen 0.13/turn

%: clarity, wizardry (x1)
@: mighty, about to teleport, under a protective aura
A: breathe power, AC +6, unfitting armour, cold-blooded, clarity, cold
resistance 2, MP-powered wands
a: Breathe Dispelling Energy


You were on level 5 of the Dungeon.
You visited 1 branch of the dungeon, and saw 5 of its levels.

You collected 192 gold pieces.

Inventory:

Hand Weapons
 a - a +1 dagger of protection (weapon)
Armour
 b - a +0 cloak (worn)
 c - the +2 pair of gloves of Catatonia (worn) {rPois Stlth+}
   (You found it on level 4 of the Dungeon)

   rPois:     It protects you from poison.
   Stlth:     It makes you more stealthy.
 e - a +0 ring mail
 k - a +0 pair of boots (worn)
 l - the +1 Delatra's gloves {ID++}
   (You found it on level 2 of the Dungeon)

   ID++:      It heals its wearer when they drink unknown potions, and restores
   their MP when they read unknown scrolls.
Jewellery
 g - a ring of wizardry (right hand)
 h - a +5 ring of evasion (left hand)
Wands
 d - a wand of paralysis (1)
Scrolls
 i - a scroll of magic mapping
 j - 4 scrolls of enchant weapon
 n - a scroll of amnesia
 p - 2 scrolls of identify
Potions
 f - 2 potions of might
 m - 2 potions of curing {unknown}
 o - a potion of resistance {unknown}
 q - a potion of attraction {unknown}


   Skills:
 + Level 2.8 Fighting
 + Level 2.3 Short Blades
 + Level 3.6 Dodging
 + Level 3.5 Stealth
 + Level 4.5 Spellcasting
 + Level 4.3 Hexes
 + Level 1.0 Invocations
 + Level 3.0 Evocations


You had 11 spell levels left.
You knew the following spells:

 Your Spells              Type           Power      Damage    Failure   Level
a - Slow                  Hex            56%        N/A       1%          1
b - Summon Guardian Gole  Hex/Summ       8%         N/A       10%         3

Your spell library contained the following spells:

 Spells                   Type           Power      Damage    Failure   Level
 Ensorcelled Hibernation  Hex/Ice        16%        N/A       4%          2
 Ignite Poison            Fire/Tmut/Pois 2%         N/A       24%         3
 Spider Form              Tmut/Pois      2%         N/A       24%         3
 Anguish                  Hex/Necr       4%         N/A       32%         4
 Airstrike                Air            1%         2d(1-17)  58%         4
 Ice Form                 Ice/Tmut       2%         N/A       58%         4
 Maxwell's Capacitive Co  Air            1%         ∞         100%        8


Dungeon Overview and Level Annotations

Branches:
Dungeon (5/15)
 Temple: D:4-7

Altars:
Xom


Innate Abilities, Weirdness & Mutations

You can breathe bolts of dispelling energy.
Your rich purple scales are hard. (AC +6)
You cannot fit into any form of body armour.
You are cold-blooded and may be slowed by cold attacks.
You possess an exceptional clarity of mind.
Your flesh is very cold resistant. (rC++)
You expend magic power (3 MP) to strengthen your wands.


Message History

You hear a shout! x2
You barely miss the dream sheep.
Flame seeps out of the dream sheep.
You tail-slap the dream sheep.
The dream sheep is almost dead.
The dream sheep burns! x4
The dream sheep explodes!
The fiery explosion engulfs you!!
Ouch! That really hurt!
The dream sheep explodes! x3
The orc hits you but does no damage. The gnoll barely misses you.
You hear a shout! x5
You feel very mighty all of a sudden. The orc barely misses you.
The gnoll hits you from afar with a +0 spear!
The orc priest invokes the aid of Beogh against you.
You resist with significant effort.
Aiming: Slow (safe; 1% risk of failure)
Press: ? - help, Q - select action, (/) - cycle Shift-Dir - straight line, f - orc
Aim: an orc, wielding a +0 flail (chance to affect: 65%)
The orc seems to slow down.
The gnoll misses you. The orc misses you.
You hit the iguana.
Your tail-slap misses the iguana.
The iguana is lightly wounded.
The iguana barely misses you. The gnoll completely misses you.
You hit the iguana but do no damage.
The iguana is lightly wounded.
The orc closely misses you. The iguana bites you!
* * * LOW HITPOINT WARNING * * *
The gnoll hits you but does no damage.
The orc priest calls down the wrath of Beogh upon you.
Beogh smites you!
* * * LOW HITPOINT WARNING * * *
As you read the scroll of teleportation, it crumbles to dust.
You feel strangely unstable. The iguana misses you.
The gnoll barely misses you. The orc misses you.
The orc priest attacks as you move away!
The orc priest misses you. The iguana misses you. The gnoll barely misses you.
The orc priest calls down the wrath of Beogh upon you.
Beogh smites you!
You die...

...................
#######......##.......$
§§.§☼§.....<.....).....
.§§§☼§.................
#§§§§§.......##########
#§§☼.........#
#☼☼..§§§og...#
#§§..§..o....#
#§§...l@...###
#..........#
...........#
############


You could see an iguana, an orc priest, a gnoll and an orc (slow).

Vanquished Creatures
  Grinder (D:4)
  An ogre (D:4)
  A black bear (D:4)
  A scorpion (D:4)
  Crazy Yiuf (D:3)
  3 hounds
  2 iguanas (D:4)
  8 adders
  An ufetubus (D:4)
  3 dart slugs
  5 orcs (D:4)
  7 endoplasms
  7 giant cockroaches
  4 goblins
  7 hobgoblins
  6 kobolds
  5 quokkas
  2 ball pythons
  5 bats
  3 frilled lizards
  10 rats
83 creatures vanquished.

Vanquished Creatures (others)
  5 dream sheep (D:5)
5 creatures vanquished.

Grand Total: 88 creatures vanquished

Notes
Turn   | Place    | Note
-------+----------+-------------------------------------------
     0 | D:1      | CarvArkoylaein the Draconian Wanderer began the quest for
                  | the Orb.
     0 | D:1      | CarvArkoylaein set off with the following items: a +0
                  | dagger, a +0 cloak, a scroll of blinking, a wand of
                  | paralysis (13); and the following spell memorised: Slow;
                  | and the following spells available to memorise: Summon
                  | Guardian Golem.
     0 | D:1      | Reached XP level 1. HP: 17/17 MP: 3/3
   190 | D:1      | Reached XP level 2. HP: 23/24 MP: 1/5
   567 | D:1      | Reached XP level 3. HP: 30/30 MP: 6/6
   904 | D:2      | Reached skill level 1 in Short Blades
  1081 | D:2      | Found the +1 Delatra's gloves {ID++}
  1094 | D:2      | Reached XP level 4. HP: 37/37 MP: 5/7
  1154 | D:2      | Reached skill level 1 in Stealth
  1593 | D:2      | Learned a level 3 spell: Summon Guardian Golem
  1737 | D:3      | Gained mutation: Your mind is acute. (Int +4, Str/Dex -1)
                  | [potion of mutation]
  1737 | D:3      | Gained mutation: You are partially covered in large bone
                  | plates. (SH +4) [potion of mutation]
  1737 | D:3      | Gained mutation: Your large and strong wings let you fly.
                  | [potion of mutation]
  1737 | D:3      | Gained mutation: You expend magic power (3 MP) to
                  | strengthen your wands. [potion of mutation]
  1738 | D:3      | Lost mutation: Your mind is acute. (Int +4, Str/Dex -1)
                  | [potion of mutation]
  1738 | D:3      | Lost mutation: You are partially covered in large bone
                  | plates. (SH +4) [potion of mutation]
  1738 | D:3      | Lost mutation: Your large and strong wings let you fly.
                  | [potion of mutation]
  1738 | D:3      | Gained mutation: Your flesh is cold resistant. (rC+)
                  | [potion of mutation]
  1738 | D:3      | Gained mutation: Your flesh is very cold resistant. (rC++)
                  | [potion of mutation]
  1738 | D:3      | Gained mutation: You possess an exceptional clarity of
                  | mind. [potion of mutation]
  1955 | D:3      | Reached XP level 5. HP: 42/42 MP: 2/8
  2350 | D:3      | Found a runed translucent door.
  2351 | D:3      | Noticed Crazy Yiuf
  2463 | D:3      | Killed Crazy Yiuf
  2547 | D:4      | Noticed Grinder
  2589 | D:4      | Killed Grinder
  2590 | D:4      | Reached XP level 6. HP: 50/50 MP: 5/10
  2641 | D:4      | Identified the +2 pair of gloves of Catatonia {rPois
                  | Stlth+}
  2702 | D:4      | Your scales start taking on a rich purple colour.
  2702 | D:4      | Reached XP level 7. HP: 54/56 MP: 4/13
  3148 | D:4      | Got Ojiam's Compilation of Changing Ouranomancy
  3401 | D:5      | Entered Level 5 of the Dungeon
  3422 | D:5      | Noticed a dream sheep
  3422 | D:5      | Noticed a dream sheep
  3422 | D:5      | Noticed a dream sheep
  3422 | D:5      | Noticed a dream sheep
  3422 | D:5      | Noticed a dream sheep
  3422 | D:5      | Found a shimmering altar of Xom.
  3426 | D:5      | Killed a dream sheep
  3427 | D:5      | Killed a dream sheep
  3427 | D:5      | Killed a dream sheep
  3427 | D:5      | Killed a dream sheep
  3427 | D:5      | Killed a dream sheep
  3433 | D:5      | Killed from afar by an orc priest

Illustrated notes

Levels and vault maps discovered:
D:1:      dpeg_arrival_renting, layout_loops_ring, hangedman_feature_mirror,
          serial_park_tiny_pond
D:2:      layout_rooms, columned_hall_lemuel
D:3:      layout_basic, serial_aquarium, aquarium_bridge_square
          [aquarium_subvault_bridge, aquarium_subvault_bridge,
          aquarium_subvault_wall, aquarium_subvault_balcony],
          aquarium_bridge_square [aquarium_subvault_bridge,
          aquarium_subvault_balcony, aquarium_subvault_window,
          aquarium_subvault_wall], aquarium_window_1, aquarium_window_fake,
          aquarium_window_fake, aquarium_window_1, aquarium_view_2e,
          aquarium_view_2f, aquarium_balcony_double_4, aquarium_pool_2,
          uniq_crazy_yiuf_cottage
D:4:      layout_cave_pools, uniq_grinder
D:5:      layout_rooms, kb_xom_exploding_sheep, uniq_menkaure

Skill      XL: |  1  2  3  4  5  6  7 |
---------------+----------------------+-----
Dodging        | 2 3 |  3.6
Short Blades   | 1 2 |  2.3
Stealth        | 1 2 3 |  3.5
Hexes          | 2 3 4 |  4.3
Spellcasting   | 3 4 |  4.5
Evocations     | 3 |  3.0
Fighting       | |  2.8
Invocations    | |  1.0

Action                     |  1- 3 |  4- 6 |  7- 9 || total
---------------------------+-------+-------+-------++-------
  Melee: Dagger            |   148 |   156 |   136 ||   440
         Tailslap          |    15 |    15 |    15 ||    45
         Punch             |     2 |       |     2 ||     4
   Cast: Slow              |    32 |    29 |    33 ||    94
         Summon Guardian G |       |       |     1 ||     1
  Evoke: Wand              |     9 |     9 |     1 ||    19
    Use: Scroll            |     7 |     3 |     1 ||    11
         Potion            |       |     5 |     1 ||     6
   Stab: Paralysed         |    10 |    13 |     2 ||    25
         Sleeping          |     2 |       |       ||     2
 Armour: Skin              |    46 |    47 |    46 ||   139
  Dodge: Dodged            |   149 |   176 |   142 ||   467
